 Dungeon Crawl Stone Soup version 0.25.1-1-g288607f5aa (webtiles) character file.

Game seed: 6636337590420747811

211 Delamore the Cudgeler (level 5, -2/32 HPs)
             Began as a Gargoyle Fighter on July 18, 2020.
             Slain by an orc
             ... wielding a +0 flail
              (4 damage)
             ... on level 3 of the Dungeon.
             The game lasted 00:02:44 (2534 turns).

Delamore the Cudgeler (Gargoyle Fighter)            Turns: 2534, Time: 00:02:44

Health: -2/32      AC: 16    Str: 20    XL:     5   Next: 88%
Magic:  5/5        EV:  3    Int:  9    God:
Gold:   103        SH:  9    Dex:  9    Spells: 4/4 levels left

rFire    + . .     SeeInvis .   a - +0 flail
rCold    . . .     Gourm    .   c - +0 kite shield
rNeg     + . .     Faith    +   w - +0 plate armour {rF+}
rPois    ∞         Spirit   .   (no helmet)
rElec    +         Reflect  .   i - +0 cloak
rCorr    .         Harm     .   (no gloves)
MR       .....                  (no boots)
Stlth    ..........             g - amulet of faith
HPRegen  0.10/turn              s - ring of stealth
MPRegen  0.09/turn              (no ring)

@: slowed, very slow
A: negative energy resistance 1, electricity resistance, unbreathing,
petrification resistance, rot immunity, AC +4
a: no special abilities


You were on level 3 of the Dungeon.
You were not hungry.

You visited 1 branch of the dungeon, and saw 3 of its levels.

You collected 103 gold pieces.

Inventory:

Hand Weapons
 a - a +0 flail (weapon)
Armour
 b - a +0 scale mail
 c - a +0 kite shield (worn)
 i - a +0 cloak (worn)
 w - a +0 plate armour of fire resistance (worn)
Jewellery
 g - an amulet of faith (around neck)
 s - a ring of stealth (left hand)
Scrolls
 j - 3 scrolls of teleportation {unknown}
 m - a scroll of fog {unknown}
 p - 2 scrolls of remove curse {unknown}
 t - a scroll of magic mapping {unknown}
 u - a scroll of enchant armour {unknown}
 v - a scroll of random uselessness {unknown}
Potions
 d - a potion of might
 e - a potion of cancellation {unknown}
 h - a potion of stabbing {unknown}
 k - 2 potions of heal wounds {unknown}
 l - a potion of berserk rage {unknown}
 o - a potion of lignification {unknown}
 q - a potion of flight {unknown}
 r - 2 potions of curing {unknown}
 x - a potion of mutation {unknown}
Comestibles
 f - 8 rations
 n - 6 chunks of flesh


   Skills:
 - Level 3.2 Fighting
 + Level 5.9 Maces & Flails
 - Level 3.2 Armour
 - Level 3.2 Shields


You had 4 spell levels left.
You didn't know any spells.
Your spell library was empty.

Dungeon Overview and Level Annotations

Branches:
Dungeon (3/15)

Altars:
Makhleb
Zin


Innate Abilities, Weirdness & Mutations

You are resistant to torment.
Your stone body is resilient. (AC +4)
You are immune to poison.
You resist negative energy. (rN+)
You are resistant to electric shocks. (rElec)
You can survive without breathing.
You are immune to petrification.
You are immune to rotting.


Message History

Pain shoots through your body!
* * * LOW HITPOINT WARNING * * *
The orc wizard gestures at you while chanting.
You feel as though you will be slow longer.
You block the worm's attack. The orc hits you but does no damage.
You closely miss the orc priest. The orc hits you but does no damage.
The orc priest hits you but does no damage.
You block the orc wizard's attack. You block the orc's attack.
The orc barely misses you. You block the worm's attack.
The orc wizard hits you but does no damage.
The orc priest hits you but does no damage.
Some of the chunks of flesh in your inventory have rotted away.
Your shield and plate armour prevent you from hitting the orc priest.
You block the orc's attack. The orc hits you with a +0 flail.
* * * LOW HITPOINT WARNING * * *
The orc wizard hits you but does no damage.
The orc priest looks satisfied for a moment.
You block the worm's attack. The orc hits you but does no damage.
The orc hits you with a +0 flail.
You die...

#.#.+###
#....####.....## .
#.#.!##2#_..._#A ..
#.#..####.....## ...
#####.#..####..+####
....#..........###...###
.................#.))#..
......wo................
#lo@o..........÷....
#.o.........>.......
##########..#######.
##..# ## #..## ####


You could see a worm, an orc priest, an orc wizard, 2 orcs and a leopard gecko.

Vanquished Creatures
  A bullfrog skeleton (D:2)
  An orc priest (D:3)
  6 adders
  3 oozes
  A worm (D:3)
  3 dart slugs
  A leopard gecko (D:2)
  6 orcs
  2 giant cockroaches
  6 goblins
  10 hobgoblins
  3 jackals (D:2)
  8 kobolds
  2 quokkas (D:2)
  6 bats
  3 frilled lizards (D:1)
  7 rats
69 creatures vanquished.

Notes
Turn   | Place    | Note
-------+----------+-------------------------------------------
     0 | D:1      | Delamore the Gargoyle Fighter began the quest for the Orb.
     0 | D:1      | Reached XP level 1. HP: 14/14 MP: 1/1
    95 | D:1      | Reached XP level 2. HP: 12/19 MP: 2/2
   357 | D:1      | Reached skill level 3 in Maces & Flails
  1017 | D:2      | Reached XP level 3. HP: 23/23 MP: 3/3
  1118 | D:2      | Reached skill level 4 in Maces & Flails
  1118 | D:2      | Reached XP level 4. HP: 22/28 MP: 4/4
  1927 | D:3      | Reached skill level 5 in Maces & Flails
  1954 | D:2      | Reached XP level 5. HP: 17/32 MP: 5/5
  2415 | D:3      | Noticed a cacodemon
  2416 | D:3      | Found a burning altar of Makhleb.
  2455 | D:3      | Found a glowing silver altar of Zin.
  2455 | D:3      | Noticed an angel
  2534 | D:3      | Slain by an orc

Illustrated notes

Levels and vault maps discovered:
D:1:      nicolae_arrival_memento_mori, layout_loops_ring
D:2:      layout_loops_corners, grunt_ministairs_14, minmay_pentomino_pile
D:3:      minmay_spotlight, layout_rooms,
          grunt_temple_overflow_order_and_chaos_2, st_stairs_14

Skill      XL: |  1  2  3  4 |
---------------+-------------+-----
Maces & Flails | 3 4 5 |  5.9
Fighting       | |  3.2
Armour         | |  3.2
Shields        | |  3.2

Action                   |  1- 3 |  4- 6 || total
-------------------------+-------+-------++-------
Melee: Flail             |   106 |   207 ||   313
  Eat: Chunk             |     1 |     5 ||     6
Armor: Scale mail        |    52 |   100 ||   152
       Plate armour      |       |    81 ||    81
Dodge: Dodged            |    42 |    77 ||   119
Block: Kite shield       |    57 |   139 ||   196
